 Seeded DCSS version 0.29-a0-375-g5102b3be25 (webtiles) character file.

Game seed: 13605594255664981076 (custom seed)

2088 thiscave3701365 the Protected (level 9, -1/78 HPs)
             Began as a Minotaur Berserker on May 3, 2022.
             Was a Believer of Trog.
             Succumbed to a water moccasin's poison
             ... on level 6 of the Dungeon.
             The game lasted 00:04:44 (7779 turns).

thiscave3701365 the Protected (Minotaur Berserker)  Turns: 7779, Time: 00:04:44

Health: -1/78      AC: 14    Str: 26    XL:     9   Next: 6%
Magic:  8/8        EV:  8    Int:  4    God:    Trog [**....]
Gold:   248        SH:  0    Dex: 10    Spells: 8/8 levels left

rFire   . . .      SeeInvis .   a - +0 hand axe
rCold   . . .      Faith    .   (no shield)
rNeg    . . .      Spirit   .   y - +0 plate armour
rPois   .          Reflect  .   (helmet restricted)
rElec   .          Harm     .   (no cloak)
rCorr   .          Rampage  .   (no gloves)
Will    .....                   (no boots)
Stlth   ..........              (no amulet)
HPRegen 0.23/turn               (no ring)
MPRegen 0.11/turn               (no ring)

@: lethally poisoned (-1 -> -20), on berserk cooldown, hasted and slowed
A: horns 2, retaliatory headbutt, sense surroundings 2, wild magic 1
a: Renounce Religion, Berserk, Trog's Hand


You were on level 6 of the Dungeon.
You worshipped Trog.
Trog was pleased with you.
You visited 1 branch of the dungeon, and saw 6 of its levels.

You collected 248 gold pieces.

Inventory:

Hand Weapons
 a - a +0 hand axe (weapon)
Missiles
 u - a throwing net
Armour
 y - a +0 plate armour (worn)
Jewellery
 q - a ring of protection from cold
Wands
 t - a wand of charming (10)
 v - a wand of digging (3)
 x - a wand of polymorph (4)
Scrolls
 b - a scroll of torment {unknown}
 d - a scroll of immolation {unknown}
 e - 6 scrolls of identify {unknown}
 g - a scroll of blinking {unknown}
 h - 2 scrolls of fog {unknown}
 i - a scroll of teleportation {unknown}
 j - 3 scrolls of vulnerability {unknown}
 l - 2 scrolls of poison {unknown}
 w - a scroll of fear {unknown}
Potions
 c - a potion of brilliance {unknown}
 f - a potion of haste
 k - a potion of magic {unknown}
 m - a potion of might {unknown}
 n - a potion of ambrosia {unknown}
 o - a potion of flight {unknown}
 r - a potion of heal wounds {unknown}
 s - a potion of mutation


   Skills:
 + Level 6.9 Fighting
 + Level 9.3 Axes
 + Level 9.4 Armour
 + Level 3.6 Dodging
 + Level 0.8 Stealth


You had 8 spell levels left.
You didn't know any spells.
Your spell library was empty.

Dungeon Overview and Level Annotations

Branches:
Dungeon (6/15)             Temple (0/1) D:4

Altars:
Ashenzari
Cheibriados
Gozag
Makhleb
Nemelex Xobeh
Okawaru
Uskayaw


Innate Abilities, Weirdness & Mutations

You have a pair of horns on your head.
You reflexively headbutt those who attack you in melee.
You passively map the area around you.
Your spells are a little harder to cast, but a little more powerful.


Message History

The water moccasin is lightly wounded.
You feel sick. The water moccasin bites you.
The water moccasin bites you but does no damage.
You barely miss the water moccasin.
The water moccasin is lightly wounded.
You feel sick.
The water moccasin bites you but does no damage.
You hit the water moccasin but do no damage.
You headbutt the water moccasin.
The water moccasin is moderately wounded.
You feel sick.
The water moccasin bites you but does no damage. x2
You hit the water moccasin. You headbutt the water moccasin.
The water moccasin is heavily wounded.
You feel sick. The water moccasin barely misses you. You furiously retaliate!
You headbutt the water moccasin. The water moccasin bites you.
* * * LOW HITPOINT WARNING * * *
You are more poisoned.
The water moccasin poisons you!
You hit the water moccasin.
Your headbutt misses the water moccasin.
The water moccasin is severely wounded.
You feel very sick. The water moccasin bites you!
* * * LOW HITPOINT WARNING * * *
The water moccasin bites you but does no damage.
It was a potion of haste.
You feel yourself speed up.
You are no longer corroded.
* * * LOW HITPOINT WARNING * * *
You feel very sick.
The water moccasin bites you but does no damage.
The water moccasin bites you.
* * * LOW HITPOINT WARNING * * *
You are more poisoned.
The water moccasin poisons you!
It was a potion of mutation.
You feel extremely strange.
You feel a strange attunement to the structure of the dungeons.
You feel less in control of your magic.
Your attunement to dungeon structure grows.
You die...

* ,, , , +, ,
.#. , ,
######.... , ,
, .....!.... ,
, ##.......#.,
,, ,
#.....#....
##...#.....#
#..@#....#,
#.#†S.#,,
#..).#..#, ,
#.#.#.#.# ,*
#.#.##.## * *
#.##.*## * * *
* #.# .#* *
#.# #( *
#.############
###


You could see a water moccasin.

Vanquished Creatures
  A cyclops (D:6)
  A hornet (D:6)
  A water moccasin (D:6)
  2 ice beasts
  A black bear (D:5)
  3 ogres
  2 phantoms (D:5)
  2 necrophages (D:5)
  A hound (D:5)
  2 orc priests (D:4)
  A jelly (D:6)
  A gnoll shaman (D:5)
  An iguana (D:3)
  4 orc wizards
  12 gnolls
  7 adders
  An ufetubus (D:4)
  A worm (D:5)
  26 orcs
  4 endoplasms
  3 giant cockroaches
  8 goblins
  4 hobgoblins
  3 jackals (D:1)
  A quokka (D:4)
  10 ball pythons
  A bat (D:3)
  3 frilled lizards
  5 kobolds
  7 rats
119 creatures vanquished.

Notes
Turn   | Place    | Note
-------+----------+-------------------------------------------
     0 | D:1      | thiscave3701365 the Minotaur Berserker began the quest for
                  | the Orb.
     0 | D:1      | Reached XP level 1. HP: 19/19 MP: 0/0
   283 | D:1      | Found a faded altar of an unknown god.
   359 | D:1      | Reached XP level 2. HP: 27/27 MP: 1/1
   819 | D:2      | Reached ** piety under Trog
   991 | D:2      | Reached XP level 3. HP: 33/33 MP: 2/2
  1091 | D:2      | Reached XP level 4. HP: 34/41 MP: 3/3
  2434 | D:3      | Found a burning altar of Makhleb.
  2434 | D:3      | Found a hide-covered altar of Uskayaw.
  2659 | D:3      | Reached XP level 5. HP: 47/47 MP: 4/4
  3884 | D:4      | Reached skill level 5 in Armour
  4159 | D:4      | Noticed an ogre
  4163 | D:4      | Killed an ogre
  4164 | D:4      | Reached skill level 5 in Axes
  4164 | D:4      | Reached XP level 6. HP: 53/53 MP: 5/5
  4397 | D:4      | Found an opulent altar of Gozag.
  4397 | D:4      | Found a sparkling altar of Nemelex Xobeh.
  4452 | D:4      | Found a staircase to the Ecumenical Temple.
  4657 | D:4      | Found an iron altar of Okawaru.
  4795 | D:4      | Found a snail-covered altar of Cheibriados.
  5229 | D:5      | Entered Level 5 of the Dungeon
  5396 | D:5      | Noticed an ice beast
  5403 | D:5      | Reached skill level 5 in Fighting
  5403 | D:5      | Reached XP level 7. HP: 23/61 MP: 6/6
  6366 | D:5      | Reached XP level 8. HP: 70/70 MP: 7/7
  6428 | D:5      | Found a broken altar of Ashenzari.
  7007 | D:6      | Noticed a hornet
  7009 | D:6      | Paralysed by a hornet for 3 turns
  7016 | D:6      | Paralysed by a hornet for 3 turns
  7023 | D:6      | Killed a hornet
  7030 | D:6      | HP: 3/71 [poisoned by a hornet]
  7743 | D:6      | Noticed a cyclops
  7754 | D:6      | Killed a cyclops
  7760 | D:6      | Reached XP level 9. HP: 78/78 MP: 8/8
  7779 | D:6      | Gained mutation: You passively map a small area around you.
                  | [potion of mutation]
  7779 | D:6      | Gained mutation: Your spells are a little harder to cast,
                  | but a little more powerful. [potion of mutation]
  7779 | D:6      | Gained mutation: You passively map the area around you.
                  | [potion of mutation]
  7779 | D:6      | Succumbed to a water moccasin's poison

Illustrated notes

Levels and vault maps discovered:
D:1:      wander_arrival_lonely_grave, layout_basic,
          ebering_ecumenical_altar_rust
D:2:      layout_basic, minmay_misc_feat_tower, grunt_decor_mini_mirrors
D:3:      layout_basic, mainiacjoe_overflow_divided_tiny
D:4:      layout_loops_ring, grunt_temple_overflow_opulence,
          general_overflow_altar, mainiacjoe_overflow_24_doors, temple_doors_ab
D:5:      layout_basic, mainiacjoe_overflow_paths
D:6:      layout_basic, serial_shops, nicolae_shop_behind_doors,
          minmay_increasing_density

Skill      XL: |  1  2  3  4  5  6  7  8 |
---------------+-------------------------+-----
Axes           | 4 5 7 9 |  9.3
Fighting       | 4 5 6 |  6.9
Armour         | 3 4 5 6 7 9 |  9.4
Dodging        | 3 |  3.6
Stealth        | |  0.8

Action                   |  1- 3 |  4- 6 |  7- 9 || total
-------------------------+-------+-------+-------++-------
Melee: Hand axe          |    54 |   140 |   104 ||   298
       Headbutt          |     8 |    17 |    21 ||    46
       Punch             |     1 |       |     4 ||     5
Invok: Berserk           |     1 |    10 |     6 ||    17
  Use: Potion            |       |       |     2 ||     2
Armor: Animal skin       |     8 |       |       ||     8
       Scale mail        |     9 |     8 |       ||    17
       Chain mail        |       |    53 |    32 ||    85
       Plate armour      |       |       |    23 ||    23
Dodge: Dodged            |    34 |    61 |    44 ||   139

Table legend: (Time is in decaauts)
 A = Elapsed time spent in this place.
 B = Non-inter-level travel time spent in this place.
 C = Inter-level travel time spent in this place.
 D = Time resting spent in this place.
 E = Time spent auto-exploring this place.
 F = Levels seen in this place.
 G = Mean time per level.
                   A        B        C        D        E       F      G
               +--------+--------+--------+--------+--------+-----+--------+
         Total |   7929 |   7602 |    327 |   2920 |   4032 |   6 | 1321.5 |
       Dungeon |   7929 |   7602 |    327 |   2920 |   4032 |   6 | 1321.5 |
               +--------+--------+--------+--------+--------+-----+--------+

Top non-repeatable levels by time:
     D:3: 1890 daAuts
     D:5: 1784 daAuts
     D:2: 1409 daAuts
     D:4: 1258 daAuts
     D:6: 822 daAuts
     D:1: 762 daAuts
